 Dungeon Crawl Stone Soup version 0.30-a0-364-gf6b3ef1049 (webtiles) character file.

Game seed: 4308687374007959876

9332 ragingrage the Fencer (level 11, -2/84 HPs)
             Began as a Merfolk Chaos Knight on Nov 15, 2022.
             Was a Plaything of Xom.
             Slain by Lodul
             ... wielding a +2 vorpal dire flail
              (38 damage)
             ... on level 11 of the Dungeon.
             The game lasted 00:12:07 (9629 turns).

ragingrage the Fencer (Merfolk Chaos Knight)        Turns: 9629, Time: 00:12:08

Health: -2/84      AC: 10    Str: 13    XL:     11   Next: 44%
Magic:  11/11      EV: 17    Int: 11    God:    Xom [...*..]
Gold:   964        SH:  6    Dex: 24    Spells: 8/10 levels left

rFire   . . .      SeeInvis .    a - +2 scimitar (flame)
rCold   . . .      Faith    .    X - +0 buckler
rNeg    . . .      Spirit   .    T - +0 acid dragon scales
rPois   .          Reflect  .    r - +0 helmet
rElec   .          Harm     .    G - +0 cloak
rCorr   +          Rampage  .    D - +0 pair of gloves
Will    +....                    (no boots)
Stlth   +++.......               (no amulet)
HPRegen 0.34/turn                o - +6 ring of dexterity
MPRegen 0.12/turn                P - ring of willpower

@: no status effects
A: (nimble swimmer 2), mertail
a: Renounce Religion


You were on level 11 of the Dungeon.
You worshipped Xom.
You were a favourite toy of Xom.
You visited 1 branch of the dungeon, and saw 11 of its levels.

You collected 1015 gold pieces.
You spent 51 gold pieces at shops.

Inventory:

Hand Weapons
 a - a +2 scimitar of flaming (weapon)
 b - the +7 short sword "Roshraci" {spect, +Blink rElec Dex+4}
   (You found it on level 5 of the Dungeon)

   When its wielder attacks, the weapon's spirit leaps out and strikes again.
   The spirit shares a part of any damage it takes with its wielder.
   Dex:       It affects your dexterity (+4).
   rElec:     It insulates you from electricity.
   +Blink:    It lets you blink.
 C - a +2 dagger of electrocution
Missiles
 e - 5 atropa-tipped darts
 i - 2 javelins
 k - 17 poisoned darts
 R - 5 curare-tipped darts
Armour
 r - a +0 helmet (worn)
 D - a +0 pair of gloves (worn)
 G - a +0 cloak (worn)
 M - a +0 leather armour of willpower
 T - +0 acid dragon scales (worn)
 V - a +2 robe of fire resistance
 X - a +0 buckler (worn)
 Z - a +0 leather armour of poison resistance
Jewellery
 o - a +6 ring of dexterity (left hand)
 F - a ring of magical power
 H - a ring of ice
 P - a ring of willpower (right hand)
 Q - a ring of flight
 S - a ring of protection from fire
Wands
 l - a wand of flame (11)
 I - a wand of charming (10)
 L - a wand of iceblast (9)
 W - a wand of light (19)
Scrolls
 d - 2 scrolls of teleportation
 f - a scroll of enchant weapon {unknown}
 g - a scroll of magic mapping {unknown}
 h - a scroll of vulnerability {unknown}
 j - 2 scrolls of brand weapon {unknown}
 m - a scroll of silence {unknown}
 s - a scroll of enchant armour {unknown}
 t - 2 scrolls of fog {unknown}
 y - 2 scrolls of torment {unknown}
 z - 3 scrolls of poison {unknown}
 B - 2 scrolls of summoning
 J - 2 scrolls of blinking {unknown}
 K - 2 scrolls of immolation {unknown}
 U - a scroll of noise {unknown}
 Y - a scroll of fear {unknown}
Potions
 n - 3 potions of lignification
 p - 4 potions of heal wounds
 q - a potion of cancellation
 u - a potion of berserk rage {unknown}
 v - 4 potions of curing
 w - a potion of brilliance {unknown}
 A - 2 potions of attraction {unknown}
 E - 3 potions of haste
 N - 2 potions of ambrosia {unknown}
 O - a potion of resistance {unknown}
Miscellaneous
 c - a piece from Xom's chessboard (15/15) (quivered)


   Skills:
 + Level 7.1 Fighting
 - Level 15.1 Long Blades
 - Level 3.0 Armour
 + Level 8.1 Dodging
 + Level 6.0 Stealth
 + Level 2.7 Shields
 + Level 5.6 Evocations


You had 8 spell levels left.
You knew the following spells:

 Your Spells              Type           Power      Damage    Failure   Level
a - Blink                 Tloc           0%         N/A       71%         2

Your spell library contained the following spells:

 Spells                   Type           Power      Damage    Failure   Level
 Summon Small Mammal      Summ           0%         N/A       56%         1
 Call Canine Familiar     Summ           0%         N/A       90%         3
 Gell's Gravitas          Tloc           0%         N/A       90%         3
 Lesser Beckoning         Tloc           0%         N/A       90%         3
 Summon Guardian Golem    Hex/Summ       0%         N/A       90%         3
 Teleport Other           Tloc           0%         N/A       90%         3
 Manifold Assault         Tloc           0%         N/A       100%        4
 Storm Form               Tmut/Air       0%         N/A       100%        7


Dungeon Overview and Level Annotations

Branches:
Dungeon (11/15)            Temple (0/1) D:4            Lair (0/5) D:8
    Orc: D:9-12

Altars:
Gozag
Kikubaaqudgha
Nemelex Xobeh
Qazlal
Vehumet
Wu Jian
Zin

Shops:
D:1 *

Annotations:
D:1 2 transporters
D:11 Lodul


Innate Abilities, Weirdness & Mutations

((You are very nimble when in or above water. (Stealth+, EV+, Speed+++)))
Your lower body shifts to a powerful aquatic tail in water.


Message History

Electricity crackles from Lodul's apparatus.
The bolt of lightning hits you!!
There is an open door here.
The ogre shouts!
Electricity crackles from Lodul's apparatus.
The bolt of lightning misses you.
As you close the door, it creaks loudly!
Lodul opens the door.
Electricity crackles from Lodul's apparatus.
The bolt of lightning misses you.
Electricity crackles from Lodul's apparatus.
The bolt of lightning hits you!
It was a potion of cancellation.
You feel magically purged.
You open the door.
Found a scroll labelled UPHEUCR DIHOHU.
There is an open door here.
You close the door.
An ogre opens the door.
The ogre closely misses you.
There is an open door here.
You hit the ogre. You burn the ogre.
The ogre is moderately wounded.
You slice the ogre!! You burn the ogre!
You kill the ogre!
You slash Lodul! You burn Lodul.
Lodul is moderately wounded.
Throw: 6 darts (curare)
Press: ? - help, Shift-Dir - straight line, f - Lodul
Aim: Lodul, wielding a +2 vorpal dire flail (moderately wounded, 76% to hit)
You throw a curare-tipped dart. The curare-tipped dart hits Lodul.
Lodul is poisoned.
Lodul convulses.
Lodul seems to slow down.
Lodul is moderately wounded.
You block Lodul's attack.
You slash Lodul! You burn Lodul.
Lodul is heavily wounded.
You slash Lodul! You burn Lodul.
Lodul is almost dead.
Lodul hits you with a +2 vorpal dire flail!!!
You die...
Xom snickers!

##.......## #.#
#...>.### #O#
####### #.# #O#
## #.# ..?######
#.# ....^...#
#.#
........######.#
........@OO..O.#
........########
........#
........#
###.....#
#######


You could see Lodul (very poisoned, slow) and 2 ogres.

Vanquished Creatures
  Erica (D:8)
  A two-headed ogre (D:8)
  A gargoyle (D:9)
  Maggie (D:8)
  A troll (D:8)
  Grinder (D:4)
  Sigmund (D:4)
  2 vampires (D:10)
  A shadow (D:10)
  12 yaks
  3 wyverns
  A steam dragon (D:7)
  Menkaure (D:6)
  Edmund (D:6)
  2 orc warriors
  A black bear (D:7)
  An ice beast (D:4)
  2 ogres (D:11)
  2 wolves (D:8)
  4 centaurs
  2 phantoms
  A kobold brigand (D:7)
  3 scorpions
  4 bullfrogs
  A necrophage (D:4)
  16 wights
  3 killer bees (D:9)
  A vampire bat (D:4)
  5 electric eels (D:8)
  3 howler monkeys (D:10)
  6 hounds
  3 jellies
  9 orc priests
  A gnoll bouda (D:9)
  6 orc wizards
  An iguana (D:4)
  Robin (D:4)
  3 gnolls (D:9)
  3 adders
  2 shadow imps
  2 white imps
  2 ufetubi
  2 worms (D:3)
  3 dart slugs
  51 orcs
  9 bats
  3 endoplasms
  8 giant cockroaches
  3 hobgoblins
  6 jackals
  3 quokkas
  7 ball pythons
  2 frilled lizards
  10 goblins
  9 kobolds
  5 rats (D:2)
239 creatures vanquished.

Vanquished Creatures (collateral kills)
  An orc wizard (D:5)
  An adder (D:5)
  A white imp (D:5)
  2 orcs (D:5)
  A jackal (D:5)
6 creatures vanquished.

Vanquished Creatures (others)
  Jessica (D:3)
  An orc (D:8)
2 creatures vanquished.

Grand Total: 247 creatures vanquished

Notes
Turn   | Place    | Note
-------+----------+-------------------------------------------
     0 | D:1      | ragingrage the Merfolk Chaos Knight began the quest for the
                  | Orb.
     0 | D:1      | Reached XP level 1. HP: 18/18 MP: 1/1
     3 | D:1      | XOM: silly message
   152 | D:1      | Reached skill level 4 in Long Blades
   182 | D:1      | Reached XP level 2. HP: 24/24 MP: 2/2
   255 | D:1      | You fall into a shaft and drop 1 floor!
   335 | D:1      | XOM: silly message
   423 | D:1      | XOM: divination: detect creatures
   758 | D:1      | Found Jici's General Store.
   765 | D:1      | Bought 3 poisoned darts for 15 gold pieces
   765 | D:1      | Bought 2 poisoned darts for 10 gold pieces
   765 | D:1      | Bought a scroll of identify for 26 gold pieces
   889 | D:2      | XOM: polymorph endoplasm -> orc
   961 | D:2      | Reached XP level 3. HP: 20/29 MP: 3/3
  1363 | D:2      | Reached skill level 5 in Long Blades
  1509 | D:3      | XOM: silly message
  1569 | D:3      | XOM: noise
  1693 | D:3      | Noticed Jessica
  1697 | D:3      | XOM: enchant monster (good)
  1710 | D:3      | Your ally Jessica died
  1720 | D:3      | Reached XP level 4. HP: 35/35 MP: 4/4
  1910 | D:3      | Reached skill level 6 in Long Blades
  1919 | D:3      | XOM: potion effect (berserk rage)
  1944 | D:2      | XOM: divination: magic mapping
  1947 | D:2      | Reached XP level 5. HP: 32/41 MP: 5/5
  2389 | D:4      | Reached skill level 7 in Long Blades
  2464 | D:4      | Noticed Sigmund
  2479 | D:4      | Killed Sigmund
  2480 | D:4      | Reached skill level 8 in Long Blades
  2480 | D:4      | Reached XP level 6. HP: 20/47 MP: 6/6
  2570 | D:3      | XOM: scenery: summon butterflies
  2671 | D:4      | Noticed Grinder
  2679 | D:4      | Killed Grinder
  2680 | D:4      | Reached skill level 9 in Long Blades
  2680 | D:4      | Reached XP level 7. HP: 37/52 MP: 7/7
  2865 | D:4      | Found a staircase to the Ecumenical Temple.
  2932 | D:4      | Reached skill level 10 in Long Blades
  2953 | D:4      | Noticed Robin
  2966 | D:4      | Killed Robin
  3331 | D:5      | Entered Level 5 of the Dungeon
  3355 | D:5      | XOM: cast spell 'Summon Cactus Giant'
  3386 | D:5      | Reached skill level 11 in Long Blades
  3386 | D:5      | Reached XP level 8. HP: 56/58 MP: 8/8
  3433 | D:5      | XOM: summons friendly white imp
  3641 | D:5      | Identified the +7 short sword "Roshraci" {spect, +Blink
                  | rElec Dex+4}
  3958 | D:5      | XOM: summons 3 hostile shadow creatures
  4042 | D:5      | XOM: cloud trail
  4296 | D:6      | XOM: god gift: glowing leather armour {god gift}
  4328 | D:6      | Reached skill level 12 in Long Blades
  4561 | D:6      | Noticed Menkaure
  4567 | D:6      | Killed Menkaure
  4568 | D:6      | Reached skill level 13 in Long Blades
  4765 | D:6      | Noticed Edmund
  4879 | D:6      | Killed Edmund
  4880 | D:6      | Reached XP level 9. HP: 51/64 MP: 9/9
  5105 | D:7      | XOM: 1-stop teleportation journey
  5119 | D:7      | Found a stormy altar of Qazlal.
  5127 | D:7      | Found an ornate altar of the Wu Jian Council.
  5331 | D:7      | Reached skill level 14 in Long Blades
  5486 | D:7      | Reached skill level 1 in Armour
  5567 | D:7      | XOM: divination: magic mapping
  5581 | D:7      | Reached skill level 1 in Evocations
  5590 | D:7      | XOM: divination: detect items
  5655 | D:7      | XOM: draining
  6068 | D:8      | Noticed Maggie
  6071 | D:8      | XOM: cast spell 'Olgreb's Toxic Radiance'
  6076 | D:8      | Killed Maggie
  6077 | D:8      | Reached skill level 1 in Stealth
  6104 | D:8      | Found a glowing silver altar of Zin.
  6245 | D:8      | Noticed a two-headed ogre
  6254 | D:8      | Killed a two-headed ogre
  6255 | D:8      | Reached skill level 5 in Fighting
  6255 | D:8      | Reached skill level 5 in Dodging
  6255 | D:8      | Reached XP level 10. HP: 62/74 MP: 10/10
  6311 | D:8      | Noticed Erica
  6313 | D:8      | XOM is BORED!
  6313 | D:8      | XOM: blink monster(s)
  6346 | D:7      | XOM: scenery: 1 doors open
  6402 | D:8      | XOM: divination: magic mapping
  6437 | D:8      | XOM: enchant monster (good)
  6462 | D:8      | XOM: destruction
  6545 | D:8      | XOM: enchant monster (good)
  6622 | D:8      | XOM: fog
  6624 | D:8      | XOM: summons 2 friendly demons
  6632 | D:8      | Killed Erica
  6829 | D:8      | XOM: cloud trail
  6836 | D:8      | XOM: cast spell 'Summon Mana Viper'
  6843 | D:8      | Found a staircase to the Lair.
  7049 | D:8      | Found a sparkling altar of Nemelex Xobeh.
  7070 | D:8      | XOM: blink monster(s)
  7075 | D:8      | Reached skill level 15 in Long Blades
  7084 | D:8      | XOM: smoke on damage
  7199 | D:8      | XOM: stat loss: -1 Str (12/13)
  7615 | D:9      | Reached XP level 11. HP: 77/83 MP: 11/11
  7665 | D:9      | Reached skill level 5 in Stealth
  7665 | D:9      | Reached skill level 1 in Shields
  7733 | D:8      | XOM: summons 3 hostile shadow creatures
  7877 | D:9      | Reached skill level 5 in Evocations
  8004 | D:9      | Found an ancient bone altar of Kikubaaqudgha.
  8004 | D:9      | XOM: 5-stop teleportation journey
  8289 | D:9      | XOM: god gift: 545 gold pieces
  8303 | D:9      | XOM: confuse monster(s)
  8532 | D:10     | XOM: noise
  8532 | D:10     | Entered Level 10 of the Dungeon
  8541 | D:10     | XOM: confuse monster(s)
  8597 | D:9      | XOM: 1-stop teleportation journey
  8773 | D:10     | Found an opulent altar of Gozag.
  8839 | D:10     | XOM: blink monster(s)
  8894 | D:10     | Found a radiant altar of Vehumet.
  8897 | D:10     | XOM: confuse monster(s)
  8907 | D:10     | Learned a level 2 spell: Blink
  9026 | D:10     | XOM: silly message
  9081 | D:10     | XOM: potion effect (haste)
  9149 | D:10     | XOM: divination: detect items
  9175 | D:10     | XOM: silly message
  9580 | D:11     | XOM: 2-stop teleportation journey
  9586 | D:11     | Noticed Lodul
  9629 | D:11     | Slain by Lodul

Illustrated notes

Levels and vault maps discovered:
D:1:      spicycebolla_arrival_transporter_tutorial, layout_basic, serial_shops,
          shop
D:2:      layout_basic, minmay_split_cup_small
D:3:      layout_loops_ring, hex_large, uniq_jessica
D:4:      layout_loops_ring, minmay_temple_entry_metal_lava, roderic_batcave,
          minmay_small_thing, uniq_sigmund, uniq_grinder, uniq_robin
D:5:      layout_basic, serial_park_tiny_1, minmay_misc_feat_ornament,
          minmay_misc_feat_plants, hangedman_abyss_or_decor_stabs
D:6:      layout_gridville, uniq_menkaure, uniq_edmund
D:7:      layout_loops_corners, mainiacjoe_overflow_big_doors
D:8:      layout_cave_pools, old_standard_altar,
          mainiacjoe_overflow_concentric_impassable, erik_lair_island,
          uniq_maggie, uniq_erica
D:9:      layout_roguey, mainiacjoe_overflow_alcove_2, special_room
          [special_room_orc]
D:10:     layout_roguey, mainiacjoe_overflow_catwalk,
          nicolae_vehumet_altar_sigil
D:11:     layout_basic, david_orc_3, uniq_lodul

Skill      XL: |  1  2  3  4  5  6  7  8  9 10 11 |
---------------+----------------------------------+-----
Long Blades    | 4 5 6 8 9 11 13 14 15 | 15.1
Armour         | 2 3 |  3.0
Dodging        | 5 7 8 |  8.1
Evocations     | 3 4 5 |  5.6
Fighting       | 5 6 7 |  7.1
Stealth        | 2 4 6 |  6.0
Shields        | 2 |  2.7

Action                   |  1- 3 |  4- 6 |  7- 9 | 10-12 || total
-------------------------+-------+-------+-------+-------++-------
Melee: Falchion          |   115 |    75 |   125 |       ||   315
       Punch             |     1 |     3 |     4 |     1 ||     9
       Short sword       |       |       |   141 |    62 ||   203
       Scimitar          |       |       |       |   181 ||   181
Throw: Dart              |       |       |     2 |     1 ||     3
Evoke: Piece from Xom's  |       |       |       |     1 ||     1
  Use: Potion            |       |     1 |       |     1 ||     2
       Scroll            |       |       |       |     6 ||     6
 Stab: Sleeping          |     1 |       |     2 |     4 ||     7
       Paralysed         |       |     2 |       |     1 ||     3
       Distracted        |       |       |     5 |     3 ||     8
       Confused          |       |       |       |     1 ||     1
Armor: Leather armour    |    31 |     7 |    64 |       ||   102
       Acid dragon scale |       |       |     5 |    27 ||    32
Dodge: Dodged            |    76 |    50 |   134 |   124 ||   384
Block: Buckler           |       |       |       |    32 ||    32

Table legend: (Time is in decaauts)
 A = Elapsed time spent in this place.
 B = Non-inter-level travel time spent in this place.
 C = Inter-level travel time spent in this place.
 D = Time resting spent in this place.
 E = Time spent auto-exploring this place.
 F = Levels seen in this place.
 G = Mean time per level.
                   A        B        C        D        E       F      G
               +--------+--------+--------+--------+--------+-----+--------+
         Total |   9438 |   8847 |    591 |   1033 |   6041 |  11 |  858.0 |
       Dungeon |   9438 |   8847 |    591 |   1033 |   6041 |  11 |  858.0 |
               +--------+--------+--------+--------+--------+-----+--------+

Top non-repeatable levels by time:
     D:8: 1199 daAuts
     D:7: 1068 daAuts
     D:9: 1057 daAuts
     D:4: 978 daAuts
     D:6: 951 daAuts
     D:3: 943 daAuts
     D:5: 890 daAuts
    D:10: 823 daAuts
     D:1: 790 daAuts
     D:2: 683 daAuts
    D:11: 52 daAuts
